 Dungeon Crawl Stone Soup version 0.29.1-15-g9cfb28693d (webtiles) character file.

Game seed: 3007215247427282907

95 booth the Chopper (level 4, -4/34 HPs)
             Began as a Demonspawn Gladiator on May 2, 2023.
             Slain by a gnoll
             ... wielding a +0 spear
              (8 damage)
             ... on level 3 of the Dungeon.
             The game lasted 00:12:47 (2917 turns).

booth the Chopper (Demonspawn Gladiator)            Turns: 2917, Time: 00:12:48

Health: -4/34      AC:  5    Str: 17    XL:     4   Next: 40%
Magic:  4/4        EV: 12    Int:  9    God:
Gold:   135        SH:  0    Dex: 14    Spells: 3/3 levels left

rFire   + . .      SeeInvis .   k - +7 whip "Fooleinec" {vorpal, rF+}
rCold   . . .      Faith    .   (no shield)
rNeg    . . .      Spirit   .   b - +1 leather armour
rPois   .          Reflect  .   c - +0 helmet
rElec   .          Harm     .   (no cloak)
rCorr   .          Rampage  .   (no gloves)
Will    .....                   (no boots)
Stlth   +.........              (no amulet)
HPRegen 0.11/turn               (no ring)
MPRegen 0.09/turn               (no ring)

@: no status effects
A: demonic magic 1
a: no special abilities


You were on level 3 of the Dungeon.
You visited 1 branch of the dungeon, and saw 3 of its levels.

You collected 135 gold pieces.

Inventory:

Hand Weapons
 a - a +0 war axe
 k - the +7 whip "Fooleinec" (weapon) {vorpal, rF+}
   (You found it on level 2 of the Dungeon)

   It inflicts extra damage upon your enemies.
   rF:        It protects you from fire.
Missiles
 d - 2 throwing nets (quivered)
 e - a javelin
 g - 3 poisoned darts
Armour
 b - a +1 leather armour (worn)
 c - a +0 helmet (worn)
Scrolls
 j - a scroll of identify {unknown}
Potions
 f - a potion of attraction {unknown}
 h - a potion of lignification {unknown}
 i - a potion of heal wounds {unknown}
 l - a potion of mutation {unknown}


   Skills:
 + Level 2.9 Fighting
 + Level 3.3 Axes
 + Level 2.5 Throwing
 + Level 3.3 Dodging


You had 3 spell levels left.
You didn't know any spells.
Your spell library contained the following spells:

 Spells                   Type           Power      Damage    Failure   Level
 Ensorcelled Hibernation  Hex/Ice        0%         N/A       58%         2
 Passwall                 Tmut/Erth      0%         N/A       58%         2
 Swiftness                Air            0%         N/A       83%         3


Dungeon Overview and Level Annotations

Branches:
Dungeon (3/15)

Altars:

Annotations:
D:3 1 transporter


Innate Abilities, Weirdness & Mutations

Spells you cast may paralyse adjacent enemies.


Message History

The ball python falls through a shaft!
The shaft crumbles and collapses.
Found a stone staircase leading down.
You open the door. 3 gnolls come into view.
The gnoll shouts! x2
Found a stone staircase leading up.
The gnoll hits you with a +0 club.
The gnoll hits you from afar with a +0 spear.
You barely miss the gnoll. The gnoll barely misses you.
The gnoll hits you from afar with a +0 spear.
You hit the gnoll.
The gnoll is heavily wounded.
The gnoll closely misses you. The gnoll hits you but does no damage.
You hit the gnoll.
The gnoll is almost dead.
The gnoll closely misses you.
The gnoll hits you from afar with a +0 spear.
You closely miss the gnoll.
The gnoll is almost dead.
The gnoll hits you but does no damage.
The gnoll hits you from afar with a +0 spear!
You hit the gnoll.
You kill the gnoll!
The gnoll hits you from afar with a +0 spear!
* * * LOW HITPOINT WARNING * * *
The gnoll closely misses you.
Things that are here:
a +0 club; a gnoll corpse You hit the gnoll.
The gnoll is moderately wounded.
The gnoll hits you with a +0 spear.
* * * LOW HITPOINT WARNING * * *
Throw: 3 throwing nets
Press: ? - help, Q - select action, (/) - cycle Shift-Dir - straight line, f - gnoll
Aim: a gnoll, wielding a +0 spear (moderately wounded, 64% to hit)
You throw a throwing net.
The throwing net closely misses the gnoll.
The throwing net hits the gnoll.
The gnoll is caught in the net!
The gnoll struggles against the net.
The gnoll hits you with a +0 spear!
You die...

###...### #########.#####.#
#.......###......##.# #.#
#####..........<...#.##.#####.#
#...#.......##...#..........#.#
#†#.......###.....##.##.###.#.#
#...###...# ##.......##.......#
##.######## ##.###########.###
#....# #.# #.# ####.# #@# #.###
#.# #g# ##...## #.# .g. #.....#
#.# ..... #####.....# ##.##
....... #..........
##...####...<.....##.#.......#
#.......+.........+...........
##[..####.........##.#...#.###
##.## #.##.####


You could see 2 gnolls.

Vanquished Creatures
  A gnoll (D:3)
  2 adders
  A dart slug (D:3)
  An orc (D:3)
  8 endoplasms
  2 giant cockroaches
  7 goblins
  5 hobgoblins
  3 quokkas (D:1)
  13 ball pythons
  5 bats
  3 frilled lizards
  6 kobolds
  3 rats
60 creatures vanquished.

Vanquished Creatures (others)
  5 plants (D:3)
5 creatures vanquished.

Grand Total: 65 creatures vanquished

Notes
Turn   | Place    | Note
-------+----------+-------------------------------------------
     0 | D:1      | booth the Demonspawn Gladiator began the quest for the Orb.
     0 | D:1      | Reached XP level 1. HP: 16/16 MP: 1/1
   173 | D:1      | Gained mutation: Spells you cast may paralyse adjacent
                  | enemies. [demonic ancestry]
   173 | D:1      | Reached XP level 2. HP: 19/22 MP: 2/2
  1047 | D:1      | Reached XP level 3. HP: 28/28 MP: 3/3
  2396 | D:2      | Identified the +7 whip "Fooleinec" {vorpal, rF+}
  2451 | D:3      | Reached XP level 4. HP: 34/34 MP: 4/4
  2769 | D:3      | Found a transporter.
  2917 | D:3      | Slain by a gnoll

Illustrated notes

Levels and vault maps discovered:
D:1:      tarquinn_simple_flora_water_b, layout_basic, minmay_tromino_i2
D:2:      layout_basic, hex_large, grunt_decor_mini_mirrors,
          kennysheep_small_spiral
D:3:      layout_loops_corners, gammafunk_ghost_gnarly_gnolls

Skill      XL: |  1  2 |
---------------+-------+-----
Throwing       | 2 |  2.5
Axes           | 3 |  3.3
Dodging        | 3 |  3.3
Fighting       | |  2.9

Action                   |  1- 3 |  4- 6 || total
-------------------------+-------+-------++-------
Melee: War axe           |   128 |       ||   128
       Punch             |     2 |       ||     2
       Whip              |     2 |    25 ||    27
Throw: Throwing net      |       |     1 ||     1
  Use: Scroll            |     2 |       ||     2
 Stab: Sleeping          |     2 |       ||     2
Armor: Leather armour    |    54 |     4 ||    58
Dodge: Dodged            |    98 |    17 ||   115
